 Dungeon Crawl Stone Soup version 0.25-a0-578-gc91f01c39c (webtiles) character file.

Game seed: 2344950721769949937, levelgen mode: deterministic

55 Jerej03 the Grave Robber (level 3, 0/24 HPs)
             Began as a Vampire Necromancer on Mar 4, 2020.
             Slain by an orc wizard
             ... wielding a +0 dagger
              (3 damage)
             ... on level 3 of the Dungeon on Mar 5, 2020.
             The game lasted 00:20:28 (1687 turns).

Jerej03 the Grave Robber (Vampire Necromancer)      Turns: 1687, Time: 00:20:29

Health: 0/24       AC:  2    Str:  7    XL:     3   Next: 67%
Magic:  5/6        EV: 13    Int: 18    God:
Gold:   72         SH:  0    Dex: 14    Spells: 4/6 levels left

rFire    . . .     SeeInvis +   g - +0 hand axe (vorpal)
rCold    . . .     Gourm    .   (no shield)
rNeg     . . .     Faith    .   a - +0 robe
rPois    .         Spirit   .   (no helmet)
rElec    .         Reflect  .   (no cloak)
rCorr    .         Harm     .   (no gloves)
MR       .....                  (no boots)
Stlth    ++........             (no amulet)
HPRegen  0.28/turn              (no ring)
MPRegen  0.10/turn              (no ring)

@: regenerating quickly
A: no food, fangs 3, see invisible, unbreathing
a: Exsanguinate


You were on level 3 of the Dungeon.
You were alive.

You visited 1 branch of the dungeon, and saw 3 of its levels.

You collected 72 gold pieces.

Inventory:

Hand Weapons
 g - a +0 vorpal hand axe (weapon)
Armour
 a - a +0 robe (worn)
Scrolls
 f - a scroll of enchant weapon {unknown}
 j - a scroll of teleportation {unknown}
 k - 2 scrolls of remove curse
Potions
 b - a potion of lignification {unknown}
 c - a potion of brilliance {unknown}
 d - 3 potions of curing {unknown}
 e - a potion of invisibility {unknown}
 h - a potion of mutation {unknown}
 i - a potion of flight {unknown}


   Skills:
 + Level 0.3 Axes
 + Level 2.3 Dodging
 + Level 3.1 Stealth
 + Level 0.4 Unarmed Combat
 + Level 2.4 Spellcasting
 + Level 5.4 Necromancy


You had 4 spell levels left.
You knew the following spells:

 Your Spells              Type           Power        Failure   Level  Hunger
a - Pain                  Necr           ###.         1%          1    N/A
b - Animate Skeleton      Necr           N/A          1%          1    N/A

Your spell library contained the following spells:

 Spells                   Type           Power        Failure   Level  Hunger
 Vampiric Draining        Necr           ###.......   5%          3    N/A
 Animate Dead             Necr           N/A          19%         4    N/A
 Agony                    Necr           ###.....     45%         5    N/A

Dungeon Overview and Level Annotations

Branches:
Dungeon (3/15)

Altars:
Makhleb


Innate Abilities, Weirdness & Mutations

You do not eat.
Your natural rate of healing is unusually fast.
You have razor-sharp teeth.
You have supernaturally acute eyesight. (SInv)
You can survive without breathing.


Message History

You barely miss the orc wizard. The orc wizard casts a spell at you.
You resist with some effort.
You hit the orc wizard.
The orc wizard is moderately wounded.
The orc wizard hits you with a +0 dagger.
* * * LOW HITPOINT WARNING * * *
Casting: Pain (safe; 1% risk of failure)
Confirm with . or Enter, or press ? or * to list all spells.
You don't know that spell.
Okay, then.
Unknown command.
Casting: Pain (safe; 1% risk of failure)
Confirm with . or Enter, or press ? or * to list all spells.
Aiming: Pain (safe; 1% risk of failure)
Press: ? - help, Shift-Dir - straight line, f - orc wizard
Aim: an orc wizard, wielding a +0 dagger and wearing a +1 robe of magic resistance (moderately wounded, chance to defeat MR: 49%)
The orc wizard resists with some effort.
The orc wizard hits you with a +0 dagger.
You die...

### #.# #.# #.. ##### #.#
## ..#####...# #.#...
#...♣.#....### ######.#.#
≈≈.≈≈≈≈≈P....###........#
P≈≈≈.≈≈.≈≈P..o@.†...>....#
P♣≈♣≈≈≈≈P≈≈....###........#
P≈.≈≈≈≈≈≈.≈♣...#
#........#.
...≈≈≈≈≈≈≈♣....#
#..........
#.≈≈≈≈≈≈h♣..#+##
#.......#.## #..PP..♣...##
#.......#.#
#.......##.#####'###### #
#.......##........#
#..#?#####........#


You could see an orc wizard.

Vanquished Creatures
  An ooze (D:3)
  A worm (D:2)
  A leopard gecko (D:2)
  A ball python (D:3)
  10 bats
  2 goblins
  4 hobgoblins
  3 jackals (D:3)
  3 quokkas
  3 frilled lizards
  2 kobolds (D:1)
  8 rats
39 creatures vanquished.

Vanquished Creatures (collateral kills)
  A worm (D:2)
  A dart slug (D:3)
  A kobold (D:2)
  A frilled lizard (D:3)
  A goblin (D:3)
  A rat (D:1)
6 creatures vanquished.

Grand Total: 45 creatures vanquished

Notes
Turn   | Place    | Note
-------+----------+-------------------------------------------
     0 | D:1      | Jerej03 the Vampire Necromancer began the quest for the
                  | Orb.
     0 | D:1      | Reached XP level 1. HP: 13/13 MP: 3/3
     2 | D:1      | Learned a level 1 spell: Animate Skeleton
   234 | D:1      | Reached XP level 2. HP: 19/19 MP: 1/5
   572 | D:2      | Reached skill level 5 in Necromancy
   846 | D:2      | Reached XP level 3. HP: 14/24 MP: 6/6
  1428 | D:3      | Found a burning altar of Makhleb.
  1687 | D:3      | Slain by an orc wizard

Levels and vault maps discovered:
D:1:      minmay_arrival_wavy_path, layout_basic, st_stairs_2
D:2:      layout_basic
D:3:      layout_basic, old_standard_altar, first_ration, serial_bayou_pond_b,
          chequers_serial_rivers_small_3

Skill      XL: |  1  2 |
---------------+-------+-----
Necromancy     | 5 |  5.4
Axes           | |  0.3
Dodging        | |  2.3
Stealth        | |  3.1
Unarmed Combat | |  0.4
Spellcasting   | |  2.4

Action                   || total
-------------------------++-------
Melee: Unarmed           ||    10
       Hand axe          ||    37
       Bite              ||     4
 Cast: Pain              ||    53
       Animate Skeleton  ||    12
  Use: Scroll            ||     2
 Stab: Distracted        ||     1
Armor: Robe              ||     6
Dodge: Dodged            ||    48

Table legend:
 A = Non-vault XP
 B = Vault XP
 C = Vault XP percentage of total XP
 D = Non-vault monster count
 E = Vault monster count
 F = Vault count percentage of total count
                 A         B        C        D         E       F
            +---------+---------+-------+---------+---------+-------
      Total |      74 |       5 |   6.3 |      41 |       4 |   8.9
            +---------+---------+-------+---------+---------+-------
        D:1 |      17 |       3 |  15.0 |      13 |       3 |  18.8
        D:2 |      25 |       0 |   0.0 |      11 |       0 |   0.0
        D:3 |      32 |       2 |   5.9 |      17 |       1 |   5.6
            +---------+---------+-------+---------+---------+-------
